 Dungeon Crawl Stone Soup version 0.22.1-1-ga44c0e5 (webtiles) character file.

88 vierth the Shield-Bearer (level 4, -1/39 HPs)
             Began as a Minotaur Fighter on Oct 21, 2018.
             Succumbed to a gnoll's poison
             ... on level 2 of the Dungeon.
             The game lasted 00:02:55 (1174 turns).

vierth the Shield-Bearer (Minotaur Fighter)         Turns: 1174, Time: 00:02:57

Health: -1/39      AC: 14    Str: 22    XL:     4   Next: 29%
Magic:  3/3        EV:  4    Int:  5    God:
Gold:   105        SH: 10    Dex:  9    Spells: 3/3 levels left

rFire    . . .     SeeInvis .   a - +0 war axe
rCold    . . .     Gourm    .   c - +0 shield
rNeg     . . .     Faith    .   h - +0 plate armour
rPois    .         Spirit   .   t - +2 hat
rElec    .         Reflect  .   (no cloak)
rCorr    .         Harm     .   g - +0 pair of gloves
MR       .....                  (no boots)
Stlth    ..........             (no amulet)
HPRegen  0.13/turn              (no ring)
MPRegen  0.08/turn              (no ring)

@: lethally poisoned (-1 -> -23)
A: retaliatory headbutt, horns 2
a: no special abilities


You were on level 2 of the Dungeon.
You were not hungry.

You visited 1 branch of the dungeon, and saw 2 of its levels.

You collected 105 gold pieces.

Inventory:

Hand Weapons
 a - a +0 war axe (weapon)
Armour
 c - a +0 shield (worn)
 g - a +0 pair of gloves (worn)
 h - a +0 plate armour (worn)
 t - a +2 hat (worn)
Jewellery
 b - an uncursed ring of fire {unknown}
 n - a cursed ring of attention {unknown}
Scrolls
 e - a scroll of enchant armour {unknown}
 m - a scroll of magic mapping {unknown}
 o - a scroll of immolation {unknown}
 p - a scroll of teleportation {unknown}
 q - a scroll of remove curse
Potions
 d - a potion of might
 i - a potion of brilliance {unknown}
 j - a potion of resistance {unknown}
 k - a potion of heal wounds {unknown}
 l - 2 potions of curing {unknown}
 r - a potion of berserk rage {unknown}
 u - 2 potions of ambrosia {unknown}
Comestibles
 f - 6 rations
 s - a chunk of flesh


   Skills:
 - Level 3.6 Fighting
 + Level 4.3 Axes
 - Level 3.6 Armour
 + Level 5.1 Shields


You had 3 spell levels left.
You didn't know any spells.
Your spell library was empty.

Dungeon Overview and Level Annotations

Branches:
Dungeon (2/15)

Altars:
Cheibriados


Innate Abilities, Weirdness & Mutations

You reflexively headbutt those who attack you in melee.
You have a pair of horns on your head.


Message History

You slash the gnoll! You headbutt the gnoll.
The gnoll is almost dead.
* * * LOW HITPOINT WARNING * * *
You feel very sick. You block the gnoll's attack.
You closely miss the gnoll. You headbutt the gnoll.
You kill the gnoll!
* * * LOW HITPOINT WARNING * * *
You feel very sick. The jackal barely misses you.
You closely miss the jackal. You headbutt the jackal.
You kill the jackal!
* * * LOW HITPOINT WARNING * * *
You feel very sick.
You miss the frilled lizard.
Your headbutt misses the frilled lizard.
* * * LOW HITPOINT WARNING * * *
You feel very sick. The frilled lizard barely misses you.
You block the frilled lizard's attack.
You die...

#. #####. ####
......####### ###..#
............# #....#
............##########....#
.....>..).)gggl†@.........#
......†..†..##########.)..#
#.........# #....# #.
#.)..###### #....# #.#
#.#.. #....# #.# ..g...
###†## #[# g #.#..
########### #..# #.# ..S...
#......[..# ##.# #.#
...#### #.........# #.#
#.###


You could see 2 gnolls, a goblin and a frilled lizard.

Vanquished Creatures
  2 adders (D:2)
  2 gnolls (D:2)
  A worm (D:2)
  2 leopard geckos (D:2)
  4 giant cockroaches
  5 goblins
  6 hobgoblins
  3 jackals (D:2)
  4 ball pythons
  3 bats
  5 frilled lizards
  3 kobolds (D:1)
  6 rats
46 creatures vanquished.

Notes
Turn   | Place    | Note
-------+----------+-------------------------------------------
     0 | D:1      | vierth the Minotaur Fighter began the quest for the Orb.
     0 | D:1      | Reached XP level 1. HP: 19/19 MP: 0/0
   155 | D:1      | Reached skill level 4 in Shields
   155 | D:1      | Reached XP level 2. HP: 25/26 MP: 1/1
   673 | D:2      | Reached XP level 3. HP: 18/31 MP: 2/2
  1135 | D:2      | Found a snail-covered altar of Cheibriados.
  1169 | D:2      | Reached skill level 5 in Shields
  1169 | D:2      | Reached XP level 4. HP: 17/39 MP: 3/3
  1173 | D:2      | HP: 1/39 [poisoned by a gnoll]
  1174 | D:2      | Succumbed to a gnoll's poison

Skill      XL: |  1  2  3 |
---------------+----------+-----
Shields        | 4 5 |  5.1
Axes           | 3 4 |  4.3
Fighting       | |  3.6
Armour         | |  3.6

Action                   |  1- 3 |  4- 6 || total
-------------------------+-------+-------++-------
Melee: War axe           |   108 |     4 ||   112
       Headbutt          |    11 |     3 ||    14
  Use: Scroll            |     1 |       ||     1
  Eat: Chunk             |     1 |       ||     1
Armor: Scale mail        |    15 |       ||    15
       Plate armour      |    51 |       ||    51
Dodge: Dodged            |    20 |     2 ||    22
Block: Shield            |    63 |     3 ||    66
